 Dungeon Crawl Stone Soup version 0.25-a0-505-gae4569222e (console) character file.

Game seed: 9875486241154184308, levelgen mode: deterministic

49 surprisetrex the Firebug (level 3, 0/26 HPs)
             Began as a Hill Orc Fire Elementalist on Feb 15, 2020.
             Slain by Sigmund
             ... wielding a +2 scythe of protection
              (13 damage)
             ... on level 2 of the Dungeon.
             The game lasted 00:08:40 (1856 turns).

surprisetrex the Firebug (HOFE)                     Turns: 1856, Time: 00:08:41

Health: 0/26       AC:  3    Str: 10    XL:     3   Next: 75%
Magic:  1/5        EV: 11    Int: 16    God:
Gold:   69         SH:  0    Dex: 11    Spells: 4/5 levels left

rFire    . . .     SeeInvis .   a - +0 hand axe (vorpal)
rCold    . . .     Gourm    .   (no shield)
rNeg     + . .     Faith    .   d - +0 leather armour (curse)
rPois    .         Spirit   .   (no helmet)
rElec    .         Reflect  .   (no cloak)
rCorr    .         Harm     .   (no gloves)
MR       .....                  (no boots)
Stlth    +.........             (no amulet)
HPRegen  0.08/turn              l - ring of positive energy
MPRegen  0.09/turn              (no ring)

@: very slightly contaminated
A: no striking features
a: no special abilities


You were on level 2 of the Dungeon.
You were not hungry.

You visited 1 branch of the dungeon, and saw 2 of its levels.

You collected 69 gold pieces.

Inventory:

Hand Weapons
 a - a +0 vorpal hand axe (weapon)
 b - a +0 hunting sling
Missiles
 f - 21 sling bullets
 g - 97 stones (quivered)
Armour
 d - a cursed +0 leather armour (worn)
 i - a +0 robe
Jewellery
 l - a ring of positive energy (left hand)
Scrolls
 j - a scroll of fog
Potions
 e - a potion of curing
 h - a potion of berserk rage {unknown}
Comestibles
 c - 3 rations
 k - 3 chunks of flesh


   Skills:
 - Level 1.5 Dodging
 - Level 1.5 Stealth
 - Level 1.5 Spellcasting
 + Level 1.2 Conjurations
 - Level 5.0 Fire Magic


You had 4 spell levels left.
You knew the following spells:

 Your Spells              Type           Power        Failure   Level  Hunger
a - Foxfire               Conj/Fire      ##..         9%          1    ##.....

Your spell library contained the following spells:

 Spells                   Type           Power        Failure   Level  Hunger
 Conjure Flame            Conj/Fire      ##......     24%         3    ####...
 Inner Flame              Hex/Fire       #.......     32%         3    ####...
 Sticky Flame             Conj/Fire      ##......     63%         4    #####..
 Fireball                 Conj/Fire      ##........   92%         5    ######.


Dungeon Overview and Level Annotations

Branches:
Dungeon (2/15)

Altars:

Annotations:
D:2 Sigmund


Message History

You conjure some foxfire!
Casting: Foxfire (safe; 9% risk of failure)
Confirm with . or Enter, or press ? or * to list all spells.
You conjure some foxfire!
The foxfire hits something but does no damage.
The foxfire hits something.
The foxfire hits something but does no damage.
Casting: Foxfire (safe; 9% risk of failure)
Confirm with . or Enter, or press ? or * to list all spells.
You don't have enough magic to cast that spell.
The foxfire hits something but does no damage. x3
Firing (i - inventory. (/) - cycle)
f - 22 sling bullets (quivered)
Press: ? - help, Shift-Dir - straight line You shoot a sling bullet.
a - a +0 vorpal hand axe (weapon)
Something hits you!
* * * LOW HITPOINT WARNING * * *
You hit something but do no damage. Something hits you!
Ouch! That really hurt!
You die...

#.##.#### #.#
#........# #.#
#..........# #.#
#.#..#...#.#######.#
.....<.............#
#.#..##..#.#########
#....#...#.#
#..........#
###....@..#
####{#### ### #.# ..
#.# ###.####.#
@...#.(.########
#.(#.#.........
#$.#....#######
#........#


There were no monsters in sight!

Vanquished Creatures
  A worm (D:2)
  2 leopard geckos (D:1)
  A ball python (D:1)
  3 giant cockroaches
  9 goblins
  4 hobgoblins (D:1)
  3 jackals (D:1)
  6 bats
  A frilled lizard (D:1)
  3 kobolds
  4 rats
37 creatures vanquished.

Vanquished Creatures (others)
  39 foxfires
39 creatures vanquished.

Grand Total: 76 creatures vanquished

Notes
Turn   | Place    | Note
-------+----------+-------------------------------------------
     0 | D:1      | surprisetrex the Hill Orc Fire Elementalist began the quest
                  | for the Orb.
     0 | D:1      | Reached XP level 1. HP: 14/14 MP: 3/3
   230 | D:1      | Reached XP level 2. HP: 17/20 MP: 0/4
   332 | D:1      | Reached skill level 4 in Fire Magic
   740 | D:1      | Reached XP level 3. HP: 26/26 MP: 5/5
  1706 | D:2      | Reached skill level 5 in Fire Magic
  1806 | D:2      | Noticed Sigmund
  1856 | D:2      | Slain by Sigmund

Levels and vault maps discovered:
D:1:      nagdon_arrival_double_spiral, layout_basic, minmay_vboxes
D:2:      layout_loops_corners, uniq_natasha, uniq_sigmund, uniq_jessica

Skill      XL: |  1  2  3 |
---------------+----------+-----
Fire Magic     | 4 5 |  5.0
Dodging        | |  1.5
Stealth        | |  1.5
Spellcasting   | |  1.5
Conjurations   | |  1.2

Action                   || total
-------------------------++-------
Melee: Unarmed           ||     9
       Short sword       ||    27
       Hand axe          ||    55
 Fire: Hunting sling     ||    27
Throw: Stone             ||    54
 Cast: Foxfire           ||    27
  Use: Scroll            ||     5
  Eat: Chunk             ||     4
Armor: Leather armour    ||    48
Dodge: Dodged            ||    83

Table legend:
 A = Non-vault XP
 B = Vault XP
 C = Vault XP percentage of total XP
 D = Non-vault monster count
 E = Vault monster count
 F = Vault count percentage of total count
                 A         B        C        D         E       F
            +---------+---------+-------+---------+---------+-------
      Total |      50 |      20 |  28.6 |      28 |       9 |  24.3
            +---------+---------+-------+---------+---------+-------
        D:1 |      29 |      20 |  40.8 |      18 |       9 |  33.3
        D:2 |      21 |       0 |   0.0 |      10 |       0 |   0.0
            +---------+---------+-------+---------+---------+-------
